 Dungeon Crawl Stone Soup version 0.28.0-43-g3370ac3207 (webtiles) character file.

Game seed: 8870746752519262139

114 pkoi the Conjurer (level 4, 0/27 HPs)
             Began as an Octopode Conjurer on Mar 17, 2022.
             Constricted to death by a ball python (1 damage)
             ... on level 3 of the Dungeon.
             The game lasted 00:04:05 (3814 turns).

pkoi the Conjurer (Octopode Conjurer)               Turns: 3814, Time: 00:04:05

Health: 0/27       AC:  1    Str:  6    XL:     4   Next: 98%
Magic:  3/7        EV: 10    Int: 22    God:
Gold:   123        SH:  0    Dex: 10    Spells: 0/7 levels left

rFire   . . .      SeeInvis .   g - +3 short sword (speed)
rCold   . . .      Faith    .   (no shield)
rNeg    . . .      Spirit   .   (helmet restricted)
rPois   .          Reflect  .   (no amulet)
rElec   .          Harm     .   j - +4 ring of slaying
rCorr   .          Rampage  .   (no ring)
Will    .....                   (no ring)
Stlth   ++++......              (no ring)
HPRegen 0.09/turn               (no ring)
MPRegen 0.10/turn               (no ring)
                                (no ring)
                                (no ring)

@: constricted
A: almost no armour, amphibious, 8 rings, camouflage 1, gelatinous body 1,
(nimble swimmer 1), tentacles
a: no special abilities


You were on level 3 of the Dungeon.
You visited 1 branch of the dungeon, and saw 3 of its levels.

You collected 123 gold pieces.

Inventory:

Hand Weapons
 c - a +0 hand axe
 d - a +0 whip
 g - a +3 short sword of speed (weapon)
Jewellery
 j - a +4 ring of slaying (left tentacle)
Scrolls
 b - a scroll of immolation {unknown}
 h - a scroll of magic mapping
Potions
 a - a potion of heal wounds
 k - a potion of curing
 l - a potion of mutation


   Skills:
 - Level 2.0 Dodging
 - Level 4.8 Stealth
 - Level 2.0 Spellcasting
 + Level 5.1 Conjurations
 + Level 1.2 Translocations


You couldn't memorise any spells.
You knew the following spells:

 Your Spells              Type           Power      Damage    Failure   Level
a - Magic Dart            Conj           96%        1d7       1%          1
b - Searing Ray           Conj           48%        2d6       2%          2
c - Iskenderun's Mystic   Conj/Tloc      16%        2d5       36%         4

Your spell library contained the following spells:

 Spells                   Type           Power      Damage    Failure   Level
 Dazzling Flash           Conj/Hex       26%        N/A       14%         3
 Fulminant Prism          Conj/Hex       6%         3d7       43%         4


Dungeon Overview and Level Annotations

Branches:
Dungeon (3/15)

Altars:

Shops:
D:2 *

Annotations:
D:2 Sigmund


Innate Abilities, Weirdness & Mutations

You cannot wear most types of armour.
You are amphibious.
You can wear up to eight rings at the same time.
Your skin changes colour to match your surroundings (Stealth+).
Your rubbery body absorbs attacks. (AC +1, EV +1)
((You are camouflaged when in or above water. (Stealth+)))
You have tentacles for arms and can constrict up to eight enemies at once.


Message History

You puncture the gnoll!
You kill the gnoll!
A gnoll comes into view. It is wielding a +0 halberd.
The magic dart hits the gnoll.
The gnoll is lightly wounded.
The magic dart hits the gnoll.
The gnoll is moderately wounded.
A ball python comes into view.
The gnoll throws a throwing net.
The throwing net barely misses you.
The gnoll throws a throwing net.
The throwing net hits you.
You become entangled in the net!
You see here a throwing net.
You struggle against the net.
You struggle against the net.
The gnoll barely misses you.
You struggle against the net.
The gnoll hits you with a +0 flail.
You struggle against the net.
The gnoll hits you with a +0 whip.
* * * LOW HITPOINT WARNING * * *
The gnoll hits you with a +0 flail.
* * * LOW HITPOINT WARNING * * *
You rip the net and break free!
The gnoll barely misses you.
The ball python bites you but does no damage.
The ball python barely misses you. The gnoll hits you with a +0 flail!
* * * LOW HITPOINT WARNING * * *
The ball python bites you.
* * * LOW HITPOINT WARNING * * *
The ball python grabs you. The ball python constricts you.
* * * LOW HITPOINT WARNING * * *
You escape the ball python's grasp.
The ball python closely misses you. The ball python grabs you.
The ball python constricts you.
* * * LOW HITPOINT WARNING * * *
You escape the ball python's grasp.
There is a stone staircase leading up here.
You see here a potion of degeneration.
The ball python barely misses you. The ball python misses you.
The ball python bites you.
* * * LOW HITPOINT WARNING * * *
The ball python grabs you.
You stop ascending the stairs.
The ball python constricts you.
You die...

###### ########
#....################# .......#
#.##.................. )......#
##.##....####.....###.# .......#
##..###.#..######..###.#
.......###..###..##..........#...
.................##........#.....
.......###.####.@................
.....[.# #.# ##S###..............
.......# #.# #.g# #........#..†..
.......# #.# #g## #........#...†.
##.....###.# #g# ##...##..#.....
#.......#.###.# #..#####>#.....
#....##.......####.######.#.....
#....####..g.)..................
#....####....).....########.....


You could see 3 gnolls and a ball python.

Vanquished Creatures
  A gnoll (D:3)
  3 adders (D:2)
  2 dart slugs
  3 orcs
  5 ball pythons
  9 bats
  8 endoplasms
  3 giant cockroaches (D:1)
  8 goblins
  2 hobgoblins
  4 jackals
  2 quokkas
  2 frilled lizards (D:1)
  7 kobolds
  6 rats
  A spectral hobgoblin (D:1)
66 creatures vanquished.

Notes
Turn   | Place    | Note
-------+----------+-------------------------------------------
     0 | D:1      | pkoi the Octopode Conjurer began the quest for the Orb.
     0 | D:1      | Reached XP level 1. HP: 11/11 MP: 3/3
   349 | D:1      | Reached XP level 2. HP: 17/17 MP: 3/5
   408 | D:1      | Found a faded altar of an unknown god.
  1064 | D:1      | Reached XP level 3. HP: 15/21 MP: 0/6
  1613 | D:2      | Noticed Sigmund
  1692 | D:2      | Found Ynuosh's General Store.
  2037 | D:2      | Reached XP level 4. HP: 27/27 MP: 2/7
  2429 | D:2      | Learned a level 2 spell: Searing Ray
  2434 | D:2      | Learned a level 4 spell: Iskenderun's Mystic Blast
  2953 | D:3      | Reached skill level 5 in Conjurations
  3294 | D:3      | Reached skill level 1 in Translocations
  3814 | D:3      | HP: 1/27 [ball python (2)]
  3814 | D:3      | Constricted to death by a ball python

Illustrated notes

Levels and vault maps discovered:
D:1:      dpeg_arrival_snail, layout_basic,
          dreamdust_ecumenical_altar_drowned_temple
D:2:      minmay_door_path, layout_basic, serial_shops, nicolae_shop_waterfront,
          uniq_sigmund
D:3:      layout_rooms, hangedman_decor_diamond_cutter

Skill      XL: |  1  2  3  4 |
---------------+-------------+-----
Stealth        | 3 4 |  4.8
Conjurations   | 5 |  5.1
Translocations | 1 |  1.2
Dodging        | |  2.0
Spellcasting   | |  2.0

Action                   |  1- 3 |  4- 6 || total
-------------------------+-------+-------++-------
Melee: Hand axe          |     4 |       ||     4
       Unarmed           |     2 |       ||     2
       Whip              |     4 |       ||     4
       Short sword       |     1 |     7 ||     8
       Constrict         |       |     1 ||     1
 Cast: Magic Dart        |    75 |    50 ||   125
  Use: Scroll            |       |     8 ||     8
Armor: Skin              |     2 |     1 ||     3
Dodge: Dodged            |     7 |    12 ||    19
